[Event "*** Titled Tuesday Blitz"]
[Site "Chess.com"]
[Date "2020.04.21"]
[Round "1"]
[White "Bajecny"]
[Black "Mischuk_D"]
[Result "1/2-1/2"]
[WhiteElo "2357"]
[BlackElo "2670"]
[TimeControl "180+1"]
[EndTime "10:08:17 PDT"]
[Termination "Game drawn - insufficient material"]

1. d4 d5 2. c4 e6 3. Nf3 c5 4.
Nc3 cxd4 5. Nxd4 e5 6. Nf3 d4 7. Nd5 Nc6 8. e3 Nf6 9. exd4 e4 10. Ne5 Nxd5 11. cxd5 Bb4+ 12. Bd2 Qxd5 13. Bc4 Qxd4 14. Bxf7+ Kf8 15. Nxc6 bxc6 16. Bb3 Ba6 17. Bxb4+ Qxb4+ 18.
Qd2 Qxd2+ 19. Kxd2 Ke7 20. Ke3 Bd3 21. Rac1 Kd6 22. Bc2 Rab8 23. Bxd3 exd3 24. b3 Rhf8 25. f3 Rb5 26. Rc4 Rg5 27. g3 Rd5 28. Rd1 Re8+ 29.
Re4 Rb8 30. Rxd3 a5 31. Rxd5+ cxd5 32. Ra4 Rb5 33. Rf4 Ke6 34. Kd3 Rc5 35. b4 axb4 36. Rxb4 Rc1 37. Rb2 Ke5 38. Re2+ Kd6 39. Rd2 g5 40. Rc2 Rf1 41. Ke2 Ra1 42. f4 gxf4 43. gxf4 Ke6 44. Kf3 Kf5 45. Rd2 Ke6 46. Kg4 Rg1+ 47.
Kh5 Rf1 48. Kg5 Rg1+ 49. Kh6 Rf1 50. Rd4 Rf2 51. h4 Rxa2 52. Kxh7 Kf5 53. Rxd5+ Kxf4 54. h5 Ra7+ 55. Kg6 Ra6+ 56. Kf7 Ra7+ 57. Ke8 Rh7 58. Kf8 Kg4 59. Kg8 Rxh5 60. Rxh5 Kxh5 1/2-1/2

[Event "*** Titled Tuesday Blitz"]
[Site "Chess.com"]
[Date "2020.04.21"]
[Round "1"]
[White "RaunakSadhwani2005"]
[Black "InitiatingASC"]
[Result "1-0"]
[WhiteElo "2784"]
[BlackElo "2408"]
[TimeControl "180+1"]
[EndTime "10:08:18 PDT"]
[Termination "RaunakSadhwani2005 won on time"]

1. e4 c5 2. Nc3 g6 3. Nge2 Bg7 4. g3 Nc6 5. Bg2 e6 6. O-O Nge7 7. d4 cxd4 8. Nb5 d6 9. Nbxd4 Nxd4 10. Nxd4 Nc6 11. Be3 O-O 12. Qd2 Ne5 13. Qe2 a6 14. a4 Qc7 15. Rad1 Bd7 16. b3 Rac8 17. c4 Nc6 18. Rd2 Nxd4 19. Bxd4 Bxd4 20. Rxd4 Qb6 21. Rd3 Rfd8 22.
Rfd1 Be8 23. Qd2 h5 24. e5 Bc6 25. exd6 Bxg2 26. Kxg2 Rd7 27. h4 a5 28. Qf4 Rc5 29. Qe3 Qc6+ 30. Kg1 b6 31. Rd4 Rf5 32. Qe4 Qxe4 33.
Rxe4 Rf3 34. Re3 Rxe3 35. fxe3 e5 36. Rd5 f6 37. c5 bxc5 38. Rxc5 Rxd6 39. Rxa5 Rd3 40.
Rb5 Rxe3 41. a5 Rxg3+ 42. Kf2 Rh3 43. a6 Rh2+ 44. Kg1 Ra2 45. Rb6 Kf7 46. b4 e4 47.
b5 e3 48. Kf1 f5 49. Rb7+ Kf6 50. Rb8 f4 51. Re8 Kf5 52. Re7 Kg4 53. Ke1 Kf3 54.
Kd1 e2+ 55. Kc1 Kf2 56. a7 e1=Q+ 57. Rxe1 Kxe1 58. b6 f3 59. b7 1-0

[Event "*** Titled Tuesday Blitz"]
[Site "Chess.com"]
[Date "2020.04.21"]
[Round "1"]
[White "Keks2017"]
[Black "AlexTriapishko"]
[Result "0-1"]
[WhiteElo "2396"]
[BlackElo "2763"]
[TimeControl "180+1"]
[EndTime "10:08:18 PDT"]
[Termination "AlexTriapishko won by checkmate"]

1. g3 Nf6 2. Bg2 g6 3. Nf3 Bg7 4. O-O O-O 5. c4 c6 6. d4 d5 7.
cxd5 cxd5 8. Ne5 Nc6 9. Nxc6 bxc6 10. Nc3 e6 11. b3 Ba6 12. Re1 Nd7 13. e3 Rc8 14. Ba3 Re8 15. Na4 Qa5 16. Rc1 Bb5 17. Bf1 Bxa4 18. bxa4 Bf8 19. Bxf8 Rxf8 20. Rb1 Rb8 21.
Qc2 Rxb1 22. Rxb1 Rb8 23. Rxb8+ Nxb8 24. Qb3 Qc7 25. Qb4 Kg7 26. a5 c5 27. Qxc5 Qxc5 28.
dxc5 Kf6 29. Bb5 Ke7 30. Kf1 Kd8 31. Ke2 Nd7 32. c6 Nc5 33. a6 Kc7 34. a4 Ne4 35. f3 Nc5 36. Kd2 Nb3+ 37. Kc3 Na5 38. Kd4 Nxc6+ 39.
Kd3 Kd6 40. f4 Kc5 41. g4 f6 42. h4 e5 43. g5 e4+ 44. Kc3 fxg5 45. hxg5 d4+ 46.
exd4+ Nxd4 47. Kd2 Nxb5 48. axb5 Kxb5 49. Ke3 Kxa6 50.
Kxe4 Kb6 51. f5 gxf5+ 52. Kxf5 a5 53. Kf6 a4 54. Kg7 a3 55. Kxh7 a2 56. g6 a1=Q 57.
g7 Qh1+ 58. Kg6 Qg2+ 59. Kf7 Qf3+ 60. Ke7 Qg4 61. Kf7 Qf5+ 62. Ke7 Qg6 63. Kf8 Qf6+ 64. Kg8 Kc7 65. Kh7 Qf5+ 66. Kh8 Qh5+ 67. Kg8 Kd7 68. Kf8 Qe8# 0-1

[Event "*** Titled Tuesday Blitz"]
[Site "Chess.com"]
[Date "2020.04.21"]
[Round "1"]
[White "Savagelittlemole"]
[Black "WeAintSurePal"]
[Result "1-0"]
[WhiteElo "2674"]
[BlackElo "2347"]
[TimeControl "180+1"]
[EndTime "10:08:18 PDT"]
[Termination "Savagelittlemole won by checkmate"]

1. e4 c5 2. Ne2 e6 3. g3 d5 4. Bg2 Nc6 5. O-O dxe4 6. Nbc3 Nf6 7. Nxe4 Nxe4 8. Bxe4 Be7 9. Bg2 O-O 10. d3 Bf6 11.
Nc3 Qd7 12. Ne4 Be7 13. Be3 b6 14. Qh5 Bb7 15. Rae1 Rad8 16. f4 Nd4 17. Rf2 f5 18. Ng5 Bxg5 19. Bxb7 Qxb7 20. Bxd4 Bf6 21. Bxf6 Rxf6 22.
Re5 Qf7 23. Qf3 Qd7 24. Kg2 Qd4 25. b3 h6 26. Rfe2 Qd7 27. h3 Kh7 28. Kh2 Qf7 29. Qc6 Re8 30. a4 Re7 31. a5 Rc7 32.
Qd6 Rd7 33. Qc6 Rc7 34. Qb5 Rb7 35. axb6 axb6 36. Qc6 h5 37. Rxe6 h4 38. Rxf6 gxf6 39. gxh4 Re7 40. Rg2 Re6 41. Qc8 b5 42. Qxc5 Qe8 43.
Qxf5+ Kh8 44. Qg4 Qf7 45. Qf5 Re3 46. Qc8+ Kh7 47. Qc5 Rf3 48. Qf5+ Kh8 49. Qe4 Rf1 50. Qe2 Rc1 51. Qe4 Rd1 52. Qd4 Kh7 53. Qc5 Re1 54.
Qf2 Re6 55. f5 Re5 56. Qf4 Qh5 57. Qg4 Qxf5 58. Qg7# 1-0

[Event "*** Titled Tuesday Blitz"]
[Site "Chess.com"]
[Date "2020.04.21"]
[Round "1"]
[White "elisak43"]
[Black "JonahWillow"]
[Result "0-1"]
[WhiteElo "2398"]
[BlackElo "2764"]
[TimeControl "180+1"]
[EndTime "10:08:19 PDT"]
[Termination "JonahWillow won on time"]

1. e4 c5 2. Nf3 Nc6 3. Bb5 g6 4. c3 Nf6 5. Qe2 Bg7 6. O-O O-O 7. d4 cxd4 8. cxd4 d6 9. d5 Nb8 10. Nc3 a6 11. Bd3 Bg4 12. h3 Bxf3 13. Qxf3 Nbd7 14. Qe2 b5 15. a3 Rc8 16. Bf4 Nc5 17. Rac1 Qb6 18.
Be3 Qb8 19. f3 Nfd7 20. f4 Rc7 21. Kh2 Rfc8 22. g4 Nb3 23. Rcd1 Nb6 24. f5 Nc4 25. Bxc4 Rxc4 26. Qf3 Rf8 27. Bg5 Nd4 28. Qe3 Qc7 29. Bh6 Nc2 30. Qd2 Nxa3 31. Bxg7 Kxg7 32. Qg5 Nc2 33.
f6+ exf6 34. Qxf6+ Kg8 35. e5 Ne3 36. e6 Nxf1+ 37.
Rxf1 b4 38. e7 Qc8 39. exf8=Q+ Qxf8 40. Ne2 Rc2 41. Rf2 Qe8 42. Ng3 Rxf2+ 43. Qxf2 Qe5 44. Qd2 a5 45. Kg2 Kg7 46. Ne2 a4 47. Qd4 Qxd4 48. Nxd4 a3 49. bxa3 bxa3 50. g5 a2 51. Nb3 f6 52. h4 h6 53. Kf3 fxg5 54. hxg5 h5 55. Kf4 Kf7 56. Ke4 Ke7 57. Kd3 Kd7 58.
Kc3 h4 59. Kb2 h3 0-1

[Event "*** Titled Tuesday Blitz"]
[Site "Chess.com"]
[Date "2020.04.21"]
[Round "1"]
[White "ReyesBraulio"]
[Black "ChesterF"]
[Result "0-1"]
[WhiteElo "2131"]
[BlackElo "2529"]
[TimeControl "180+1"]
[EndTime "10:08:19 PDT"]
[Termination "ChesterF won by resignation"]

1. d4 Nf6 2. f4 d5 3. Nf3 g6 4. e3 Bg7 5. Bd3 O-O 6. O-O c5 7.
c3 b6 8. Qe2 Bb7 9. Nbd2 Ne4 10. Bxe4 dxe4 11. Ng5 Ba6 12. Qd1 Bxf1 13. Qxf1 cxd4 14.
exd4 e3 15. Nb3 h6 16. Qf3 hxg5 17. Qxa8 Qc7 18. Qe4 gxf4 19. g3 fxg3 20. Bxe3 gxh2+ 21. Kh1 Nd7 22. Rf1 Nf6 23. Qg2 e5 24. Rf3 Re8 25.
Qxh2 Ng4 26. Qg3 f5 27. Bg1 Qb7 28. Qg2 e4 29. Rg3 Qe7 30. Nc1 Qh4+ 31. Rh3 Qe1 32. Ne2 Rd8 33. Rg3 e3 34. Rxg4 fxg4 35. Qxg4 Re8 36.
d5 Qd2 37. c4 Qd3 38. Kg2 Qf5 39. Qxf5 gxf5 40. Kf3 Re4 41. b3 Bh6 42. Ng3 Rg4 43.
Nxf5 Rxg1 44. Nxh6+ Kg7 45. Nf5+ Kf6 46. Nxe3 Ra1 47. a4 Rb1 48. Ke4 Rxb3 49. Kd4 Rb1 50. c5 Rb4+ 51. Kc3 bxc5 52. Nc4 Rxa4 53. Kb3 Rb4+ 54.
Kc3 Ke7 55. Ne5 Kd6 56. Nd3 Rd4 57. Nb2 Kxd5 0-1

[Event "*** Titled Tuesday Blitz"]
[Site "Chess.com"]
[Date "2020.04.21"]
[Round "1"]
[White "Andrii_Prydun"]
[Black "SketchyMoves"]
[Result "0-1"]
[WhiteElo "2347"]
[BlackElo "2672"]
[TimeControl "180+1"]
[EndTime "10:08:20 PDT"]
[Termination "SketchyMoves won by resignation"]

1. d4 e6 2. e4 d5 3. exd5 exd5 4. Bd3 Bd6 5. Ne2 Qf6 6. Nbc3 Ne7 7. Be3 a6 8. Qd2 h6 9. Bf4 Nbc6 10. Bxd6 Qxd6 11. O-O-O Nb4 12. Ng3 Nxd3+ 13. Qxd3 Be6 14.
Rde1 O-O 15. Re2 b5 16. Rhe1 c5 17. dxc5 Qxc5 18. Re5 Qxf2 19. R5e2 Qf4+ 20. Qd2 Qb4 21. Nd1 Qd6 22. Qd4 Rac8 23. Nh5 Nf5 24. Qf4 d4 25.
Qxd6 Nxd6 26. Nf4 Bf5 27. Rd2 Rfd8 28. Re5 Bh7 29. Rd5 Nf5 30. Rxd8+ Rxd8 31. Ne2 Rc8 32.
g4 Ne3 33. Nxd4 Nxg4 34. c3 Ne5 35. b3 Nd3+ 36. Kc2 Nf2+ 37. Kb2 Nxd1+ 38. Rxd1 g5 39. Ne2 Rc6 40. Rd8+ Kg7 41. Nd4 Rf6 42. h3 Rf2+ 43.
Ka3 Bb1 44. Rd6 Rxa2+ 45. Kb4 h5 46. Rd5 Kg6 47. Nc6 f6 48. Rd6 g4 49. Ne5+ Kf5 50.
Nf7 gxh3 51. Rd1 h2 52. Rxb1 Rg2 53. Rh1 h4 54. Nd6+ Kf4 55. Nf7 Kg3 56. Nd6 Rg1 57. Ne4+ Kg2 58. Rxh2+ Kxh2 59. Nxf6 Kg2 60. Nd5 h3 61.
Nf4+ Kg3 62. Nxh3 Kxh3 63. Ka5 Rb1 0-1

[Event "*** Titled Tuesday Blitz"]
[Site "Chess.com"]
[Date "2020.04.21"]
[Round "1"]
[White "Dinamo81"]
[Black "Shuvatkin_Vladimir"]
[Result "1-0"]
[WhiteElo "2623"]
[BlackElo "2292"]
[TimeControl "180+1"]
[EndTime "10:08:20 PDT"]
[Termination "Dinamo81 won by resignation"]

1. d4 Nf6 2. Bf4 g6 3. Nc3 d5 4. e3 Bg7 5. h4 h5 6. Nf3 O-O 7.
Be2 b6 8. Ne5 c5 9. g4 Nxg4 10.
Nxg4 Bxg4 11. Bxg4 hxg4 12. Qxg4 cxd4 13. exd4 Qd7 14.
Qxd7 Nxd7 15. Nxd5 Bxd4 16. Nxe7+ Kg7 17. O-O-O Be5 18. Bxe5+ Nxe5 19. h5 Rfe8 20. h6+ Kh8 21. Nd5 Ng4 22. Rd2 Rad8 23. f3 Ne5 24. Rh3 Nc4 25. Rd1 Re5 26. Nc3 Rxd1+ 27. Nxd1 Re1 28.
f4 Rf1 29. b3 Nb2 30. Kxb2 Rxd1 31. f5 gxf5 32. Rf3 Rd5 33. c4 Re5 34. Kc3 Kh7 35.
Rh3 f4 36. Kd4 Ra5 37. Rh2 f3 38. Ke3 Rf5 39. b4 a5 40. a3 axb4 41. axb4 Rg5 42. Kxf3 f5 43. c5 bxc5 44. bxc5 Rg6 45. Rc2 Rc6 46. Kf4 Kxh6 47. Kxf5 Kg7 48. Ke5 Kf7 49.
Kd5 Rc8 50. Re2 Rd8+ 51. Kc6 Rc8+ 52. Kd6 Rd8+ 53. Kc7 Rd5 54. c6 Rd1 55. Kc8 Rc1 56. c7 Rb1 57. Re4 Rd1 58. Rb4 Rc1 59. Kb7 1-0

[Event "*** Titled Tuesday Blitz"]
[Site "Chess.com"]
[Date "2020.04.21"]
[Round "1"]
[White "salomez"]
[Black "731291"]
[Result "0-1"]
[WhiteElo "2225"]
[BlackElo "2579"]
[TimeControl "180+1"]
[EndTime "10:08:22 PDT"]
[Termination "731291 won on time"]

1. e4 c5 2. Nf3 e6 3. d4 cxd4 4. Nxd4 Nc6 5. Nc3 Qc7 6. g3 a6 7. Bg2 d6 8. O-O Bd7 9. f4 Nf6 10. Re1 Be7 11. g4 Nxd4 12. Qxd4 e5 13. Qd3 Nxg4 14.
Nd5 Qc5+ 15. Be3 Nxe3 16. Qxe3 Qxe3+ 17. Rxe3 Rc8 18. c3 exf4 19. Nxf4 Bg5 20. Rf1 O-O 21. Rg3 Bxf4 22. Rxf4 Be6 23. a3 Rfd8 24. Rd3 Kf8 25. Rh4 h6 26. Rf4 Ke7 27. Rf2 b5 28. Rfd2 Rc5 29.
Rd4 a5 30. Kf2 g5 31. Ke3 Re5 32. Kf2 h5 33. Bf1 h4 34. Rd1 Rc5 35. R1d2 g4 36.
Rd1 Rg5 37. Bg2 g3+ 38. hxg3 hxg3+ 39. Kg1 Bc4 40. R1d2 a4 41. Rd1 Ke6 42. R1d2 Ke5 43. Rd1 Rg6 44. R1d2 Rh8 45. Rd1 Rf6 46. R1d2 Rh4 47.
Rc2 Rhf4 48. Rcd2 Rf2 49. Bh1 Rf1+ 50. Kg2 R6f2+ 0-1

[Event "*** Titled Tuesday Blitz"]
[Site "Chess.com"]
[Date "2020.04.21"]
[Round "1"]
[White "Anton_Demchenko"]
[Black "KinKaiser"]
[Result "1-0"]
[WhiteElo "2838"]
[BlackElo "2433"]
[TimeControl "180+1"]
[EndTime "10:08:23 PDT"]
[Termination "Anton_Demchenko won on time"]

1. d4 d5 2. Nf3 c6 3. Bf4 Bf5 4. e3 e6 5. c4 Nd7 6. Qb3 Qb6 7.
Nc3 Qxb3 8. axb3 Ngf6 9. c5 a6 10. b4 Rc8 11. h3 Be7 12. g4 Bg6 13. Nh4 Bd8 14. Be2 O-O 15. Bd6 Re8 16. Nxg6 hxg6 17.
f4 Bc7 18. Bxc7 Rxc7 19. h4 Rcc8 20. Bf3 Kf8 21. h5 gxh5 22. g5 Ng4 23. Ke2 g6 24.
e4 Kg7 25. e5 Rh8 26. Rh4 Rh7 27.
Rah1 Rch8 28. Nb1 Nb8 29. Nd2 Nd7 30. Nb3 b6 31. R4h3 Kg8 32. cxb6 Nxb6 33. Nc5 Kg7 34.
b3 Kf8 35. Nxa6 Kg7 36. Nc5 Nc8 37. Nd7 Na7 38. Nf6 Nxf6 39. exf6+ Kf8 40. Ke3 Ke8 41. Ra1 Nc8 42. Be2 Kd7 43. Ra6 Rd8 44. Bd3 Rhh8 45. Rh1 Kc7 46. Rha1 Kb7 47. Rc1 Nb6 48. Ra5 Rc8 49. Rac5 Rc7 50. b5 Rhc8 51. bxc6+ Rxc6 52. Ba6+ Kxa6 53. Rxc6 Rb8 54. R1c2 Rb7 55. Rc7 Kb5 56.
Rxb7 Ka6 57. Rxf7 1-0

[Event "*** Titled Tuesday Blitz"]
[Site "Chess.com"]
[Date "2020.04.21"]
[Round "1"]
[White "pedroholly22"]
[Black "artooon"]
[Result "0-1"]
[WhiteElo "2322"]
[BlackElo "2653"]
[TimeControl "180+1"]
[EndTime "10:08:25 PDT"]
[Termination "artooon won on time"]

1. e4 e5 2. Nf3 Nc6 3. Bb5 Nf6 4.
O-O Nxe4 5. d4 Nd6 6. Ba4 exd4 7.
c3 Nc4 8. Re1+ Be7 9. cxd4 d5 10. Bg5 f6 11. Bf4 O-O 12. b3 Nb6 13. Bxc6 bxc6 14. Qc2 Bd7 15. Nc3 Bd6 16. Be3 Re8 17.
Rac1 Qe7 18. h3 Qf7 19. Qd2 Qh5 20. Nh2 Qg6 21. Kh1 Re7 22. Bf4 Rae8 23. Bxd6 cxd6 24. Rxe7 Rxe7 25. Qf4 Re6 26. a4 Qg5 27. Qxg5 fxg5 28. Nf3 h6 29. a5 Nc8 30. b4 Ne7 31. Kg1 Kf7 32. Kf1 Bc8 33. b5 cxb5 34. Nxd5 Nxd5 35.
Rxc8 Re7 36. Rb8 b4 37. Ne1 Rc7 38. Nd3 Rc4 39. Rb7+ Ke6 40. Rxa7 Rxd4 41. Ne1 b3 42. Rb7 Rb4 43. a6 b2 44. Rxb4 Nxb4 45. a7 b1=Q 46.
a8=Q d5 47. Qe8+ Kf6 48. Qf8+ Kg6 49. Qf3 Kh7 50. g4 Kh8 51. Qf8+ Kh7 52. Qf3 d4 53. Qf8 Nd5 54. Qf3 Nf4 55. h4 Qb5+ 56. Kg1 Qb1 57. Kf1 Qg6 58. h5 Qb1 59. Qc6 Kh8 60. Qc8+ Kh7 61. Qc6 Nh3 0-1

[Event "*** Titled Tuesday Blitz"]
[Site "Chess.com"]
[Date "2020.04.21"]
[Round "1"]
[White "GeorgMeier"]
[Black "Embrujada"]
[Result "1-0"]
[WhiteElo "3049"]
[BlackElo "2474"]
[TimeControl "180+1"]
[EndTime "10:08:26 PDT"]
[Termination "GeorgMeier won on time"]

1. Nf3 d5 2. g3 Nf6 3. Bg2 g6 4. O-O Bg7 5. d4 O-O 6. c4 c6 7. cxd5 cxd5 8. Nc3 Nc6 9. Ne5 Ng4 10. Nxc6 bxc6 11.
h3 Nf6 12. Bf4 a5 13. Rc1 Ba6 14. Qd2 Re8 15. Rfd1 Nd7 16. e4 Nb6 17. b3 a4 18.
h4 h5 19. Be5 f6 20. Bf4 e5 21. dxe5 d4 22. exf6 Qxf6 23. Nxa4 Nxa4 24. bxa4 Rad8 25. e5 Qf5 26. Rxc6 Bb7 27. Rc7 Bxg2 28. Kxg2 Bxe5 29. Bxe5 Qxe5 30. Qc2 d3 31. Qc4+ Re6 32. Rc6 Qe4+ 33.
Qxe4 Rxe4 34. Rxg6+ Kf7 35. Rc6 Rxa4 36. Rc3 Rad4 37.
Rd2 Ke6 38. a4 R8d5 39. a5 Ke5 40. Kf3 Rd7 41. a6 Rf7+ 42. Kg2 Ke4 43. Ra3 Ra7 44. Ra5 Rd6 45. Ra4+ Ke5 46. Kf3 Rf7+ 47. Ke3 Rdf6 48.
f4+ Kf5 49. Rxd3 Kg4 50. Kd2 Ra7 51. Rda3 Rb6 52. Kc2 Rc6+ 53. Kb2 Rb6+ 54. Ka2 Rd6 55. Ra5 Rd2+ 56. Kb1 Rd1+ 57. Kc2 Rg1 58. Rg5+ Kh3 59.
f5 Rg2+ 60. Kb3 1-0

[Event "*** Titled Tuesday Blitz"]
[Site "Chess.com"]
[Date "2020.04.21"]
[Round "1"]
[White "lucliasco"]
[Black "KarpovVadim"]
[Result "1-0"]
[WhiteElo "2636"]
[BlackElo "2308"]
[TimeControl "180+1"]
[EndTime "10:08:29 PDT"]
[Termination "lucliasco won by resignation"]

1. e4 e5 2. Nf3 Nf6 3. Nc3 Nc6 4. g3 d5 5. exd5 Nxd5 6. Bg2 Nxc3 7. bxc3 Bc5 8. O-O O-O 9. d3 Bg4 10. h3 Bh5 11. g4 Bg6 12. Nd2 Bb6 13. a4 Re8 14. Nb3 a5 15. Nd2 Bc5 16. Rb1 Rb8 17. Rxb7 Rxb7 18. Bxc6 Rb8 19. Bxe8 Qxe8 20. Nc4 f6 21.
Be3 Bf8 22. Nxa5 Qxa4 23. Nb3 Qc6 24. c4 e4 25. Nd4 Qd7 26. Nf5 Bxf5 27. gxf5 Qxf5 28.
Qg4 Qxg4+ 29. hxg4 exd3 30. cxd3 Kf7 31. Ra1 c5 32.
Ra7+ Kg6 33. Kg2 h5 34. gxh5+ Kxh5 35. Kf3 Rd8 36. Ke4 Re8+ 37. Kd5 Rd8+ 38. Kc6 Rxd3 39. Ra8 Be7 40. Re8 Bd8 41. Bxc5 g5 42. Bd6 Ba5 43. c5 Kg4 44. Kb5 Ra3 45. Ra8 Bb4 46. Rc8 Bxc5 47. Bxc5 Rb3+ 48. Kc4 Rb1 49. Rf8 f5 50. Kd3 f4 51. Rg8 Rb5 52. Bd4 Kf3 53. Rf8 g4 54. Be3 Rb3+ 55. Kd2 Rb2+ 56. Kd3 Rb3+ 57.
Kd4 Rb4+ 58. Kc3 Ra4 59. Bb6 Re4 60. Kd3 Ra4 61. Bc5 Re4 62. Ra8 Ra4 63. Rxa4 g3 64.
fxg3 fxg3 65. Ra1 1-0

[Event "*** Titled Tuesday Blitz"]
[Site "Chess.com"]
[Date "2020.04.21"]
[Round "1"]
[White "RoelandPruijssers"]
[Black "Danfii"]
[Result "1-0"]
[WhiteElo "2611"]
[BlackElo "2277"]
[TimeControl "180+1"]
[EndTime "10:08:29 PDT"]
[Termination "RoelandPruijssers won by resignation"]

1. e4 e5 2. Nf3 Nc6 3. Bb5 a6 4. Ba4 Nf6 5. O-O b5 6. Bb3 Bc5 7. d3 d6 8. c3 h6 9. Nbd2 O-O 10. h3 Bb6 11. Re1 Ne7 12. Nf1 Ng6 13. Ng3 Re8 14.
d4 c5 15. Be3 Bb7 16. d5 Bc8 17. Bc2 Bd7 18. Qd2 Kh7 19. a4 c4 20. Ra3 Qc7 21. Rea1 Bxe3 22. Qxe3 Qb7 23. axb5 axb5 24. Ra7 Rxa7 25. Rxa7 Qb8 26. Nh5 Nxh5 27. Rxd7 Kg8 28. Qa7 Qxa7 29. Rxa7 Rb8 30. Ra6 b4 31. Rxd6 bxc3 32. bxc3 Rb2 33. Ba4 Nf6 34. Rd8+ Kh7 35.
Rc8 Nxe4 36. Rxc4 f5 37. Bd7 Rb1+ 38. Kh2 Nxf2 39. Bxf5 h5 40. Nxe5 Kh6 41. Nxg6 Rh1+ 42. Kg3 Nd1 43. Bd3 Ne3 44. Rd4 Kg5 45. Nf4 h4+ 46.
Kf3 Nd1 47. Ne6+ Kf6 48. Rf4+ Ke7 49. c4 Nc3 50. Rf5 g6 51. Rf4 g5 52. Nxg5 Na4 53.
Rf7+ Kd6 54. Ne4+ Ke5 55. d6 Nc5 56. Nxc5 Rd1 57. Re7+ Kf6 58. Re6+ Kf7 59. Re5 Re1 60.
Rxe1 1-0

[Event "*** Titled Tuesday Blitz"]
[Site "Chess.com"]
[Date "2020.04.21"]
[Round "1"]
[White "yoolund"]
[Black "DonPreuss"]
[Result "1/2-1/2"]
[WhiteElo "2555"]
[BlackElo "2211"]
[TimeControl "180+1"]
[EndTime "10:08:33 PDT"]
[Termination "Game drawn - insufficient material"]

1. d4 Nc6 2. Nf3 d6 3. e4 g6 4.
d5 Ne5 5. Nxe5 dxe5 6. Be3 Bg7 7. c4 e6 8. Nc3 Ne7 9. Qd2 exd5 10. cxd5 Bd7 11. Bh6 O-O 12. Bc4 Nc8 13. Bxg7 Kxg7 14. Rc1 Nd6 15. Bd3 a6 16. O-O f5 17. f4 Qe7 18. Rce1 fxe4 19. Nxe4 Nxe4 20. Rxe4 Qc5+ 21. Qe3 Qxe3+ 22. Rxe3 exf4 23. Re7+ Rf7 24. Rxf7+ Kxf7 25. Rxf4+ Kg7 26. Kf2 Rf8 27. Ke3 Rxf4 28. Kxf4 Kf6 29.
h4 h6 30. g3 g5+ 31. hxg5+ hxg5+ 32. Ke3 Ke5 33. Be4 b6 34. a3 a5 35. Bg2 Bb5 36.
Be4 Bc4 37. Bf3 Bxd5 38. Be2 c6 39. Bd3 b5 40. Be2 b4 41. axb4 axb4 42. Bd3 c5 43. Be2 c4 44. Bd1 Be6 45. Bc2 Kd5 46. Be4+ Kc5 47.
Bc2 Kd5 48. Be4+ Ke5 49. Bc2 Bf5 50. Ba4 Bd3 51. Bb5 Bf1 52. Ba6 Kd5 53. Bb5 Kc5 54.
Ba4 c3 55. bxc3 bxc3 56. Bc2 Kb4 57. Kd4 Bg2 58. Bd3 Bc6 59. Ke5 Ba4 60. Kf5 c2 61. Bxc2 Bxc2+ 62. Kxg5 Bd1 63. Kf4 Kc3 64. g4 Bxg4 1/2-1/2

[Event "*** Titled Tuesday Blitz"]
[Site "Chess.com"]
[Date "2020.04.21"]
[Round "1"]
[White "Cubitas"]
[Black "Vojtap"]
[Result "1-0"]
[WhiteElo "2514"]
[BlackElo "2083"]
[TimeControl "180+1"]
[EndTime "10:08:34 PDT"]
[Termination "Cubitas won on time"]

1. e4 c5 2. Nc3 Nc6 3. Bb5 g6 4.
f4 Bg7 5. Nf3 Nd4 6. O-O Nxb5 7.
Nxb5 Nf6 8. e5 Nd5 9. d4 cxd4 10.
Qxd4 Nb6 11. Be3 O-O 12. Nxa7 Rxa7 13. Qxb6 Ra4 14. Qxd8 Rxd8 15. b3 Re4 16. Bb6 Re8 17. Nd2 Re2 18. Rf2 Rxf2 19. Kxf2 d6 20. Re1 dxe5 21. fxe5 Bf5 22. c4 Rc8 23. Nf3 Rc6 24.
Bd4 Ra6 25. a4 Bc2 26. Re3 Kf8 27. Rc3 Bd1 28. Ke1 Bxf3 29. gxf3 Ke8 30. Rd3 Kd7 31. f4 Ke6 32. Kf2 Kf5 33. Kf3 h6 34. Bc5 g5 35.
fxg5 hxg5 36. Bxe7 Bxe5 37. h3 Rh6 38. Kg2 g4 39. hxg4+ Kxg4 40. Bd6 Rxd6 41. Re3 Bf4 42. Re7 Rd2+ 43. Kf1 Kf3 44. Ke1 f5 45. Rxb7 Rb2 46. Kd1 Be3 47. a5 Rd2+ 48. Ke1 Rc2 49. Rd7 Rc1+ 50. Rd1 Rxd1+ 51. Kxd1 f4 52. b4 Kg2 53. Ke2 f3+ 54. Kxe3 f2 55. Kd4 f1=Q 56. Kc5 Qf5+ 57.
Kb6 Qe6+ 58. Kb5 1-0

[Event "*** Titled Tuesday Blitz"]
[Site "Chess.com"]
[Date "2020.04.21"]
[Round "1"]
[White "SPEEDSKATER"]
[Black "adricalderon8"]
[Result "1/2-1/2"]
[WhiteElo "2778"]
[BlackElo "2419"]
[TimeControl "180+1"]
[EndTime "10:08:36 PDT"]
[Termination "Game drawn - insufficient material"]

1. d4 Nf6 2. c4 g6 3. Nc3 d5 4.
Nf3 Bg7 5. Qb3 dxc4 6. Qxc4 O-O 7. e4 a6 8. Be2 b5 9. Qb3 Bb7 10.
e5 Nd5 11. O-O Nxc3 12. Qxc3 Nd7 13. a4 Nb6 14. axb5 axb5 15. Rxa8 Qxa8 16. Qxc7 Nd5 17. Qc2 b4 18. Bd2 Rc8 19. Qb3 Qa7 20. h4 h6 21. Kh2 e6 22. Rc1 Rxc1 23. Bxc1 Qb6 24. Bd2 Bf8 25. Qc2 Kg7 26. Qc1 Kh7 27. Qc2 Ne7 28. h5 Nf5 29. hxg6+ fxg6 30. Be3 Qc6 31. Qxc6 Bxc6 32. Bc4 Bd7 33. Nd2 Kg7 34. Ne4 Kf7 35. Nc5 Bc8 36. Nb3 h5 37. Bd2 Ke8 38. f3 h4 39. Kh3 Kd7 40. Kg4 Be7 41. d5 exd5 42.
Bxd5 Kc7 43. Kf4 Ba6 44. Kg4 Bc8 45. e6 Kd6 46. Bc4 Kc7 47. Bg5 Kd6 48. Bxe7+ Kxe7 49.
Kg5 Bxe6 50. Bxe6 Kxe6 51. Kxg6 Ne3 52. Kg5 Nxg2 53. Kg4 Kd5 54. f4 Ke4 55. Nd2+ Kd3 56. Nf1 Nxf4 57. Kxf4 Kc2 58. Kg4 Kxb2 59. Kxh4 Kc3 60.
Ne3 b3 61. Kg3 Kd3 62. Nd1 Kc2 63. Ne3+ Kd2 64. Nc4+ Kc3 65. Na3 b2 66. Kf3 Kb3 67. Nb1 Kc2 68. Na3+ Kb3 69. Nb1 Kc2 70. Na3+ Kc3 71.
Ke2 Kb3 72. Nb1 Ka2 73. Nd2 b1=Q 74. Nxb1 1/2-1/2

[Event "*** Titled Tuesday Blitz"]
[Site "Chess.com"]
[Date "2020.04.21"]
[Round "1"]
[White "shyam"]
[Black "Nathan_Filgueiras"]
[Result "1-0"]
[WhiteElo "2662"]
[BlackElo "2337"]
[TimeControl "180+1"]
[EndTime "10:08:36 PDT"]
[Termination "shyam won by resignation"]

1. d4 Nf6 2. Nc3 d5 3. Bf4 e6 4. e3 Bb4 5. Ne2 O-O 6. a3 Bd6 7. g3 Be7 8. Bg2 a6 9. O-O c5 10. e4 dxe4 11. Nxe4 Nxe4 12. Bxe4 Nc6 13. dxc5 Bxc5 14.
Qxd8 Rxd8 15. Rad1 Re8 16. Bd6 Bb6 17. c4 f5 18. Bxc6 bxc6 19. c5 Bd8 20. f4 Bf6 21. Rd2 a5 22. Nd4 Bxd4+ 23. Rxd4 a4 24. Rb4 Ba6 25.
Re1 Bb5 26. Kf2 Kf7 27. h3 g6 28. Ke3 Red8 29. Rg1 h5 30. Kd4 Rg8 31. h4 Rge8 32. Ke5 Rad8 33. Rd1 Rd7 34. Rdd4 Ra8 35. Rxb5 cxb5 36.
c6 Rdd8 37. c7 Rd7 38. Rb4 Rc8 39. Rxb5 Rcxc7 40. Bxc7 Rxc7 41. Kd6 Rc2 42. Rb4 Rg2 43. Rxa4 Rxb2 44. Rb4 Ra2 45. Rb3 Kf6 46. Rd3 Rc2 47.
Kd7 Rc4 48. Re3 Rc2 49. Rxe6+ Kf7 50. Re7+ Kf6 51. Re6+ Kf7 52. Re3 Rd2+ 53. Kc6 Ra2 54. Kb5 Kf6 55. a4 Rb2+ 56. Ka6 Ra2 57. a5 Rb2 58.
Ka7 Ra2 59. a6 Rb2 60. Rc3 Ke6 61. Rc6+ Kf7 62. Rb6 Re2 63. Kb7 Re7+ 64. Kc6 Ke6 65.
Rb7 Re8 66. a7 Rc8+ 67. Kb6 Ra8 68. Rb8 1-0

[Event "*** Titled Tuesday Blitz"]
[Site "Chess.com"]
[Date "2020.04.21"]
[Round "1"]
[White "Paralinch"]
[Black "Confer77"]
[Result "1-0"]
[WhiteElo "2965"]
[BlackElo "2468"]
[TimeControl "180+1"]
[EndTime "10:08:37 PDT"]
[Termination "Paralinch won by resignation"]

1. e4 e6 2. d4 d5 3. exd5 exd5 4.
Nf3 Bd6 5. c4 Nf6 6. Nc3 O-O 7.
Bg5 Re8+ 8. Be2 dxc4 9. O-O h6 10.
Bh4 Bg4 11. Bxc4 Nc6 12. d5 Bxf3 13. Qxf3 Ne5 14. Qe2 Ng6 15. Bxf6 Qxf6 16. Qd3 Bxh2+ 17. Kxh2 Qh4+ 18. Kg1 Ne5 19. Qg3 Qxg3 20. fxg3 Nxc4 21. Rf2 Rad8 22. Rd1 Re3 23. Kh2 b6 24. Nb5 c6 25.
Nxa7 Rxd5 26. Rxd5 cxd5 27. Nc6 Re6 28. Nd4 Re4 29. Nc6 d4 30. b3 Ne3 31. Kg1 Ng4 32.
Rf4 Re1+ 33. Rf1 Re2 34. Nxd4 Rxa2 35. Re1 g6 36. Kf1 Rd2 37. Nf3 Rf2+ 38. Kg1 Rb2 39. Nd4 h5 40. Kf1 Rf2+ 41. Kg1 Rd2 42. Nf3 Rd3 43.
Rb1 b5 44. b4 Kg7 45. Kf1 Rc3 46.
Nd4 Rxg3 47. Nxb5 Ne3+ 48. Kf2 h4 49. Nd6 Nxg2 50. b5 Nf4 51. b6 Nd3+ 52. Ke2 Nc5 53. Rc1 Nd7 54. b7 Rb3 55. Rc7 Nb8 56. Rc8 Na6 57.
Ra8 Nc5 58. b8=Q Rxb8 59. Rxb8 Ne6 60. Rb7 Ng5 61. Ke3 h3 62. Kf4 h2 63. Rb1 Ne6+ 64. Kg3 f5 65. Kxh2 Kf6 66. Rb6 g5 67. Kg3 f4+ 68.
Kg4 Ke5 69. Nf7+ Ke4 70. Rxe6+ 1-0